 Dungeon Crawl Stone Soup version 0.29-b1-12-g9e2288ab2a (webtiles) character file.

Game seed: 8018709108835906168

253 GigaChad the Covered (level 5, 0/47 HPs)
             Began as a Minotaur Fighter on Aug 24, 2022.
             Was an Initiate of Ashenzari.
             Succumbed to a scorpion's poison
             ... in an ossuary.
             The game lasted 00:05:26 (2718 turns).

GigaChad the Covered (Minotaur Fighter)             Turns: 2718, Time: 00:05:26

Health: 0/47       AC:  9    Str: 23    XL:     5   Next: 90%
Magic:  4/4        EV:  8    Int:  5    God:    Ashenzari [......]
Gold:   84         SH:  4    Dex:  9    Spells: 4/4 levels left

rFire   . . .      SeeInvis .   a - +0 long sword
rCold   . . .      Faith    .   c - +0 buckler of Panopticon {Bglg, Alch} (curse)
rNeg    . . .      Spirit   .   j - +0 chain mail
rPois   .          Reflect  .   (helmet restricted)
rElec   .          Harm     .   (no cloak)
rCorr   .          Rampage  .   (no gloves)
Will    .....                   (no boots)
Stlth   ..........              (no amulet)
HPRegen 0.15/turn               (no ring)
MPRegen 0.09/turn               (no ring)

@: lethally poisoned (0 -> -20)
A: horns 2, retaliatory headbutt
a: Renounce Religion, Curse Item, Shatter the Chains


You were in an ossuary.
You worshipped Ashenzari.
Ashenzari was noncommittal.
You visited 1 branch of the dungeon, and saw 4 of its levels.
You also visited: Ossuary.

You collected 84 gold pieces.

Inventory:

Hand Weapons
 a - a +0 long sword (weapon)
Armour
 b - a +0 scale mail
 c - the cursed +0 buckler of Panopticon (worn) {Bglg, Alch}

   It has a curse which improves the following skills: Beguiling: Conjurations,
   Hexes and Translocations.
   Alchemy:   Poison Magic and Transmutations.
 j - a +0 chain mail (worn)
Magical Staves
 i - a staff of air
Scrolls
 e - 2 scrolls of amnesia
 l - 3 scrolls of immolation
 m - a scroll of summoning
Potions
 d - 4 potions of might
 f - a potion of attraction {unknown}
 g - 2 potions of curing {unknown}
 k - 3 potions of heal wounds {unknown}


   Skills:
 + Level 4.4 Fighting
 + Level 4.7 Long Blades
 + Level 5.1 Armour
 + Level 1.6 Dodging
 + Level 4.6 Shields


You had 4 spell levels left.
You didn't know any spells.
Your spell library was empty.

Dungeon Overview and Level Annotations

Branches:
Dungeon (4/15)            Ossuary (1/1)
 Temple: D:4-7

Altars:
Ashenzari
Fedhas
Okawaru


Innate Abilities, Weirdness & Mutations

You have a pair of horns on your head.
You reflexively headbutt those who attack you in melee.


Message History

You are poisoned.
The scorpion poisons you!
You hit the human zombie.
The human zombie is lightly damaged.
You feel very sick. The scorpion stings you.
You are more poisoned.
The scorpion poisons you! The human zombie hits you.
The scorpion stings you but does no damage. x2
The human zombie hits you but does no damage.
You feel very sick. The scorpion barely misses you.
The scorpion attacks as you move away! You block the scorpion's attack.
You feel very sick.
There is an open door here.
You feel very sick.
You hit the scorpion but do no damage. You headbutt the scorpion!
The scorpion is heavily wounded.
You feel very sick. The scorpion barely misses you.
The scorpion stings you but does no damage.
You hit the scorpion.
The scorpion is severely wounded.
You feel very sick. The scorpion barely misses you. The scorpion stings you.
* * * LOW HITPOINT WARNING * * *
You are lethally poisoned!
The scorpion poisons you!
As you read the scroll of teleportation, it crumbles to dust.
You feel strangely unstable.
* * * LOW HITPOINT WARNING * * *
You feel very sick. The scorpion stings you.
* * * LOW HITPOINT WARNING * * *
You are more poisoned.
The scorpion poisons you!
* * * LOW HITPOINT WARNING * * *
You feel very sick.
Your surroundings suddenly seem different.
You die...

####### #...#..
+...8.. ......
##############8...8
#...#...#...#......
#.∩.'...8...#...8..
#.@.#.......#ZZ.#..
##'###8...8###s####
#...#.......#.s.#..
#.∩.#...8...'...#M.
#...#...#...#...#!!
###################


There were no monsters in sight!

Vanquished Creatures
  A bullfrog (D:4)
  A centaur zombie (Ossuary)
  A hound (D:3)
  Ijyb (D:3)
  Natasha (D:3)
  2 adders
  2 worms
  A dart slug (D:3)
  5 ball pythons
  2 bats (D:1)
  5 endoplasms
  4 giant cockroaches
  4 goblins
  2 hobgoblins
  3 jackals (D:3)
  3 quokkas
  4 frilled lizards
  2 hobgoblin zombies (Ossuary)
  6 kobolds
  6 rats
56 creatures vanquished.

Notes
Turn   | Place    | Note
-------+----------+-------------------------------------------
     0 | D:1      | GigaChad the Minotaur Fighter began the quest for the Orb.
     0 | D:1      | Reached XP level 1. HP: 19/19 MP: 0/0
   171 | D:1      | Found a faded altar of an unknown god.
   206 | D:1      | Prayed at the altar of an unknown god.
   206 | D:1      | Became a worshipper of Ashenzari the Shackled
   278 | D:1      | Reached XP level 2. HP: 27/27 MP: 1/1
   598 | D:2      | Reached skill level 4 in Armour
   983 | D:2      | Reached XP level 3. HP: 17/33 MP: 2/2
  1516 | D:3      | Reached XP level 4. HP: 26/40 MP: 3/3
  1517 | D:3      | Identified the +10 hand axe "Rolum" {antimagic, rN+ Str+5}
  1707 | D:3      | Found a blossoming altar of Fedhas.
  1758 | D:3      | Reached skill level 1 in Dodging
  1818 | D:3      | Noticed Ijyb
  1855 | D:3      | HP: 2/40 [Ijyb/+0 club (4)]
  1856 | D:3      | Killed Ijyb
  2244 | D:3      | Found an iron altar of Okawaru.
  2331 | D:3      | Noticed Natasha
  2340 | D:3      | Killed Natasha
  2341 | D:3      | Reached XP level 5. HP: 45/46 MP: 4/4
  2492 | D:4      | Reached skill level 5 in Armour
  2636 | D:4      | Found a sand-covered staircase.
  2664 | Ossuary  | Entered an ossuary
  2718 | Ossuary  | Succumbed to a scorpion's poison

Illustrated notes

Levels and vault maps discovered:
D:1:      dpeg_arrival_ternary, layout_rooms, ebering_ecumenical_altar_hall
D:2:      layout_basic, minmay_shallow_snake_nest
D:3:      layout_rooms, lemuel_tele_altar, nicolae_overflow_hidden_temple,
          uniq_ijyb, uniq_natasha
D:4:      wad_river_or_something, layout_loops_ring,
          nicolae_ru_sacrificial_ziggurat, gammafunk_temple_overflow_arena,
          enter_ossuary_1, minmay_tree_intersection
Ossuary:  ossuary_minmay_scorpions

Skill      XL: |  1  2  3  4  5 |
---------------+----------------+-----
Shields        | 4 |  4.6
Fighting       | 4 |  4.4
Armour         | 4 5 |  5.1
Long Blades    | 3 4 |  4.7
Dodging        | 1 |  1.6

Action                   |  1- 3 |  4- 6 || total
-------------------------+-------+-------++-------
Melee: Long sword        |    71 |    91 ||   162
       Headbutt          |     4 |    14 ||    18
Invok: Curse Item        |     1 |       ||     1
  Use: Scroll            |     2 |     6 ||     8
Armor: Scale mail        |    24 |       ||    24
       Chain mail        |    42 |    58 ||   100
Dodge: Dodged            |    36 |    39 ||    75
Block: Buckler           |    24 |    19 ||    43
